 Dungeon Crawl Stone Soup version 0.18.1-6-gd335043 (webtiles) character file.

102 oplop the Vexing (level 4, 0/30 HPs)
             Began as a Vampire Enchanter on May 19, 2016.
             Slain by epen's ghost (7 damage)
             ... on level 3 of the Dungeon.
             The game lasted 00:05:10 (1471 turns).

oplop the Vexing (Vampire Enchanter)                Turns: 1471, Time: 00:05:11

Health: 0/30       AC:  3    Str:  7    XL:     4   Next: 50%
Magic:  3/8        EV:  7    Int: 17    God:
Gold:   74         SH:  0    Dex: 15    Spells: 3 memorised, 3 levels left

rFire  . . .     SeeInvis +     a - +1 dagger
rCold  + . .     Gourm    .     b - +1 robe
rNeg   + + .     Faith    .     (no shield)
rPois  +         Spirit   .     (no helmet)
rElec  .         Dismiss  .     (no cloak)
rCorr  .         Reflect  .     (no gloves)
SustAt .         Harm     .     (no boots)
MR     .....                    (no amulet)
Stlth  ++++......               (no ring)
                                (no ring)

@: regenerating slowly, not resistant to hostile enchantments, stealthy
A: fangs 3, see invisible, unbreathing
a: Bat Form


You were on level 3 of the Dungeon.
You were very thirsty.

You visited 1 branch of the dungeon, and saw 4 of its levels.

You collected 74 gold pieces.

Inventory:

Hand Weapons
 a - a +1 dagger (weapon)
Armour
 b - a +1 robe (worn)
Jewellery
 m - an uncursed ring of protection from magic {unknown}
Scrolls
 e - a scroll of amnesia {unknown}
 g - 3 scrolls of identify {unknown}
 h - a scroll of magic mapping {unknown}
 i - a scroll of noise {unknown}
 k - a scroll of teleportation {unknown}
 l - a scroll of random uselessness {unknown}
 o - a scroll of fog {unknown}
Potions
 d - 4 potions of blood
 f - 2 potions of resistance {unknown}
 j - 2 potions of lignification {unknown}
 n - a potion of curing {unknown}
Books
 c - a book of Maledictions

   Spells                             Type                      Level
   a - Corona                         Hexes                        1
   b - Ensorcelled Hibernation        Hexes/Ice                    2
   c - Confuse                        Hexes                        3
   d - Tukima's Dance                 Hexes                        3
   e - Dazzling Spray                 Conjuration/Hexes            3


   Skills:
 - Level 1.1 Short Blades
 - Level 2.1 Dodging
 + Level 5.5 Stealth
 + Level 3.1 Spellcasting
 + Level 5.9 Hexes


You had 3 spell levels left.
You knew the following spells:

 Your Spells              Type           Power        Failure   Level  Hunger
a - Corona                Hex            ###....      1%          1    None
b - Ensorcelled Hibernat  Hex/Ice        ##....       10%         2    ##.....
c - Confuse               Hex            ###.....     6%          3    ###....


Dungeon Overview and Level Annotations

Branches:
Dungeon (4/15)
 Temple: D:4-7

Altars:
Ashenzari
Cheibriados
Dithmenos
The Shining One

Annotations:
D:3 epen's ghost, amateur DsAK


Innate Abilities, Weirdness & Mutations

You heal slowly.
You have razor-sharp teeth.
You have supernaturally acute eyesight.
You can survive without breathing.


Message History

You are feeling very thirsty.
Casting: Ensorcelled Hibernation
Confirm with . or Enter, or press ? or * to list all spells.
You don't have enough magic to cast that spell.
Epen's ghost barely misses you.
Epen's ghost screams, "They lied to you.
The Dungeon just goes down and down forever."
Found a stone staircase leading up.
A hobgoblin comes into view. It is wielding a club.
Epen's ghost hits you!
A goblin comes into view.
The goblin shouts!
The hobgoblin moves out of view.
Found 11 gold pieces.
A dart slug comes into view.
The hobgoblin hits you with a club.
* * * LOW HITPOINT WARNING * * *
The hobgoblin misses you. The goblin hits you but does no damage.
There is a stone staircase leading up here.
Epen's ghost hits you!
You die...

### ##.........# .#..#
..#####........##.#..#.
#...####........#..#...#
###...##................
##.......#............#.
#..###....>####.........
.........#####..###..w..
.#######.......#Wg..#.. #
##......g@#.....#
##########.....### ...$#
.........##.... ##.#
#......#.##.... #
.#....#..###### ..#..#...#
.o.#oo...#
..o##o...##############.##
..##.#...##.......>....((.


You could see epen's ghost, a dart slug (wandering), a hobgoblin and a goblin.

Vanquished Creatures
  An orc priest (D:3)
  An adder (D:3)
  A gnoll (D:1)
  2 worms
  3 dart slugs
  12 bats
  2 giant cockroaches (D:1)
  7 goblins
  4 hobgoblins (D:1)
  3 kobolds (D:1)
  A quokka (D:3)
  3 giant newts
  6 rats
  A fungus (D:1)
47 creatures vanquished.

Notes
Turn   | Place    | Note
--------------------------------------------------------------
     0 | D:1      | oplop the Vampire Enchanter began the quest for the Orb.
     0 | D:1      | Reached XP level 1. HP: 13/13 MP: 3/3
   235 | D:1      | Reached XP level 2. HP: 16/19 MP: 5/5
   300 | D:1      | oplop: ??vp
   300 | D:1      | beem: vp[1/5]: Vampires can't starve to death (or eat!), they gradually change, depending on blood level: see vp[2]. They can turn into vampire bats after xl3, bottle blood from normal corpses. Vp start with SInv and sharp teeth 3, so they can randomly drink blood from living foes in melee.
   300 | D:1      | oplop: ??vp[2
   300 | D:1      | beem: vp[2/5]: Alive: fast metabolism, fast regeneration, able to berserk/transmute. Bloodless: no metabolism, no regeneration, Stlth++, no spell hunger, rPois, rCold++, rN+++, torment immunity, unable to berserk/transform(except vampire bat form).
   300 | D:1      | oplop: ??vp[3
   300 | D:1      | beem: vp[3/5]: See http://i.imgur.com/XVEf0az.jpg or 'A!' in game for details of blood-related state.
   300 | D:1      | oplop: ??vp[4
   300 | D:1      | beem: vp[4/5]: Vampires cannot cast Borgnjor's Revivification, Death's Door, or Necromutation. Some other spells have restrictions based on satiation level.
   300 | D:1      | oplop: ??vp[5
   300 | D:1      | beem: vp[5/5]: Try adding 'autoinscribe += blood:@q1' to your config file for quick and easy quaffing.
   532 | D:1      | Reached skill level 5 in Hexes
   572 | D:1      | Reached XP level 3. HP: 23/24 MP: 6/6
   894 | D:2      | Reached skill level 5 in Stealth
   951 | D:2      | Learned a level 2 spell: Ensorcelled Hibernation
  1231 | D:2      | Found a shattered altar of Ashenzari.
  1238 | D:2      | Found a glowing golden altar of the Shining One.
  1243 | D:2      | Found a shadowy altar of Dithmenos.
  1250 | D:2      | Found a snail-covered altar of Cheibriados.
  1252 | D:2      | You fall through a shaft for 2 floors!
  1329 | D:3      | Learned a level 3 spell: Confuse
  1386 | D:3      | Reached XP level 4. HP: 16/30 MP: 2/8
  1406 | D:3      | Noticed epen's ghost (amateur DsAK)
  1471 | D:3      | Slain by epen's ghost

Skill      XL: |  1  2  3 |
---------------+----------+-----
Hexes          | 5 |  5.9
Stealth        | 5 |  5.5
Spellcasting   | 3 |  3.1
Short Blades   | |  1.1
Dodging        | |  2.1

Action                   |  1- 3 |  4- 6 || total
-------------------------+-------+-------++-------
Melee: Dagger            |   144 |     6 ||   150
       Bite              |    15 |     1 ||    16
 Cast: Corona            |     7 |       ||     7
       Ensorcelled Hiber |     4 |     4 ||     8
 Stab: Sleeping          |    19 |     2 ||    21
Armor: Robe              |    28 |    19 ||    47
Dodge: Dodged            |    74 |    32 ||   106
